 Dungeon Crawl Stone Soup version 0.31-a0-426-g3a05650e59 (webtiles) character file.

Game seed: 12702148985059456826

33 ketsa the Magician (level 3, -1/26 HPs)
             Began as a Djinni Hedge Wizard on July 30, 2023.
             Slain by a gnoll
             ... wielding a +0 club
              (4 damage)
             ... on level 2 of the Dungeon.
             The game lasted 00:02:42 (828 turns).

ketsa the Magician (Djinni Hedge Wizard)             Turns: 828, Time: 00:02:42

Health: -1/26      AC:  3    Str:  9    XL:     3   Next: 47%
Gold:   32         EV: 12    Int: 17    God:
                   SH:  0    Dex: 12

rFire   + + .        f - +3 short sword (speed)
rCold   x . .        (no shield)
rNeg    . . .        b - +0 robe
rPois   ∞            c - +0 hat
rElec   .            (no cloak)
rCorr   .            g - +0 pair of gloves
SInv    .            (boots unavailable)
Will    .....        (no amulet)
Stlth   ++           (no ring)
HPRegen 0.24/turn    (no ring)
MPRegen 0.00/turn

%: infuse magic (-2 HP)
@: flying
A: sickness immunity, fire resistance 2, cold vulnerability 1, float, innate
caster, HP casting, extra vitality 1
a: no special abilities


You were on level 2 of the Dungeon.
You visited 1 branch of the dungeon, and saw 2 of its levels.

You collected 32 gold pieces.

Inventory:

Hand Weapons
 a - a +0 dagger
 f - a +3 short sword of speed (weapon)
 i - a +2 whip of pain
Armour
 b - a +0 robe (worn)
 c - a +0 hat (worn)
 g - a +0 pair of gloves (worn)
Magical Staves
 e - a staff of air
Scrolls
 h - a scroll of blinking {unknown}
Potions
 d - 2 potions of lignification {unknown}
 j - a potion of enlightenment {unknown}


   Skills:
 + Level 0.9 Fighting
 + Level 3.0 Dodging
 - Level 1.5 Stealth
 + Level 3.2 Spellcasting
 + Level 3.2 Conjurations
 + Level 3.2 Hexes
   Level 0.0 Charms
 + Level 3.2 Summonings
 + Level 3.2 Necromancy
 + Level 3.2 Translocations
 + Level 3.2 Transmutations
 + Level 3.2 Fire Magic
 + Level 3.2 Ice Magic
 + Level 3.2 Air Magic
 + Level 3.2 Earth Magic
 + Level 3.2 Poison Magic


You knew the following spells:

 Your Spells              Type           Power      Damage    Failure   Level
a - Magic Dart            Conj           52%        1d5       4%          1
b - Slow                  Hex            52%        N/A       4%          1
c - Blink                 Tloc           26%        N/A       7%          2
d - Call Imp              Summ           26%        N/A       7%          2
e - Mephitic Cloud        Conj/Pois/Air  13%        N/A       14%         3
f - Freeze                Ice            52%        1d6       4%          1
Your spell library was empty.

Dungeon Overview and Level Annotations

Branches:
Dungeon (2/15)

Altars:


Innate Abilities, Weirdness & Mutations

You are immune to sickness and miasma.
You are immune to poison.
Your flesh is very heat resistant. (rF++)
You are vulnerable to cold. (rC-)
You float through the air rather than walking.
You learn spells naturally, not from books.
Your magical power is your life essence.
You have superior vitality. (+4 MHP)


Message History

A ball python comes into view.
The gnoll misses you.
Casting: Magic Dart (safe; 4% risk of failure)
Confirm with . or Enter, or press ? or * to list all spells.
Aiming: Magic Dart (safe; 4% risk of failure)
Press: ? - help, Shift-Dir - straight line, f/p - gnoll
Aim: a gnoll, wielding a +0 spear (severely wounded, 100% to hit)
The magic dart hits the gnoll.
The gnoll is almost dead.
The gnoll barely misses you.
Casting: Magic Dart (safe; 4% risk of failure)
Confirm with . or Enter, or press ? or * to list all spells.
Aiming: Magic Dart (safe; 4% risk of failure)
Press: ? - help, Shift-Dir - straight line, f/p - gnoll
Aim: a gnoll, wielding a +0 spear (almost dead, 100% to hit)
The magic dart hits the gnoll.
You kill the gnoll!
Your Dodging skill increases to level 3!
The gnoll attacks as you move away! The gnoll hits you with a +0 club.
* * * LOW HITPOINT WARNING * * *
The gnoll attacks as you move away! The gnoll barely misses you.
Casting: Magic Dart (safe; 4% risk of failure)
Confirm with . or Enter, or press ? or * to list all spells.
Aiming: Magic Dart (safe; 4% risk of failure)
Press: ? - help, Shift-Dir - straight line, f - gnoll
Aim: a gnoll, wielding a +0 club (100% to hit)
The magic dart hits the gnoll.
The gnoll is lightly wounded.
* * * LOW HITPOINT WARNING * * *
The gnoll barely misses you.
Casting: Magic Dart (safe; 4% risk of failure)
Confirm with . or Enter, or press ? or * to list all spells.
Aiming: Magic Dart (safe; 4% risk of failure)
Press: ? - help, Shift-Dir - straight line, f/p - gnoll
Aim: a gnoll, wielding a +0 club (lightly wounded, 100% to hit)
The magic dart hits the gnoll.
The gnoll is moderately wounded.
* * * LOW HITPOINT WARNING * * *
The gnoll hits you with a +0 club.
You die...

#)# #......... #.#
#.......# #.#
#.......##.. #.#
#.......[... #.#
#.......##$# #.#
#.......##
#.#####...........
#.##.S)S..######..
#@##.####.# #
#g##.####.##
#S.........#
####†##..... #...
.... #.##.....#
#.# .#.# #.# ...
#.. .


You could see a gnoll and a ball python.

Vanquished Creatures
  A gnoll (D:2)
  An endoplasm (D:1)
  A giant cockroach (D:1)
  4 goblins
  4 hobgoblins (D:1)
  A quokka (D:1)
  2 frilled lizards (D:1)
  3 kobolds (D:1)
  4 rats
21 creatures vanquished.

Notes
Turn   | Place    | Note
-------+----------+-------------------------------------------
     0 | D:1      | ketsa the Djinni Hedge Wizard began the quest for the Orb.
     0 | D:1      | ketsa set off with the following spells memorised: Magic
                  | Dart, Slow, Blink, Call Imp, Mephitic Cloud.
     0 | D:1      | Reached XP level 1. HP: 15/15 MP: 0/0
   112 | D:1      | Reached XP level 2. HP: 13/21 MP: 0/0
   269 | D:1      | Found a faded altar of an unknown god.
   421 | D:1      | Reached XP level 3. HP: 21/26 MP: 0/0
   421 | D:1      | Learned a level 1 spell: Freeze
   828 | D:2      | Slain by a gnoll

Illustrated notes

Levels and vault maps discovered:
D:1:      psy_arrival_statuary, layout_rooms, shapermc_ecumenical_altar_venn,
          minmay_stone_trees_small
D:2:      layout_loops_cross, kennysheep_generic_room_6

Skill      XL: |  1  2  3 |
---------------+----------+-----
Spellcasting   | 3 |  3.2
Conjurations   | 3 |  3.2
Hexes          | 3 |  3.2
Summonings     | 3 |  3.2
Necromancy     | 3 |  3.2
Translocations | 3 |  3.2
Transmutations | 3 |  3.2
Fire Magic     | 3 |  3.2
Ice Magic      | 3 |  3.2
Air Magic      | 3 |  3.2
Earth Magic    | 3 |  3.2
Poison Magic   | 3 |  3.2
Dodging        | 3 |  3.0
Fighting       | |  0.9
Stealth        | |  1.5

Action                     || total
---------------------------++-------
   Cast: Magic Dart        ||    54
  Dodge: Dodged            ||     7

Table legend: (Time is in decaauts)
 A = Elapsed time spent in this place.
 B = Non-inter-level travel time spent in this place.
 C = Inter-level travel time spent in this place.
 D = Time resting spent in this place.
 E = Time spent auto-exploring this place.
 F = Levels seen in this place.
 G = Mean time per level.
                   A        B        C        D        E       F      G
               +--------+--------+--------+--------+--------+-----+--------+
         Total |    827 |    808 |     19 |     60 |    582 |   2 |  413.5 |
       Dungeon |    827 |    808 |     19 |     60 |    582 |   2 |  413.5 |
               +--------+--------+--------+--------+--------+-----+--------+

Top non-repeatable levels by time:
     D:1: 732 daAuts
     D:2: 94 daAuts
